2322 views
Uploaded 2021-08-17 13:52:11
Game version 1.32.10
18:10 long 1on1 ladder game on (2)LastRefuge
Saved by xzz
2322 views
Uploaded 2021-08-17 13:52:11
Game version 1.32.10
18:10 long 1on1 ladder game on (2)LastRefuge

/ 0.1k
17 buildings @ 1.4k
/ 0.6k


| Peasant | 13 | 975 | / | 0 |
| Footman | 4 | 540 | / | 0 |
| Rifleman | 2 | 410 | / | 60 |
| total: | 19 | 1925g | / | 60w |
| Scout Tower | 6 | 180 | / | 120 |
| Guard Tower | 5 | 350 | / | 250 |
| Farm | 6 | 480 | / | 120 |
| Altar of Kings | 1 | 180 | / | 50 |
| Barracks | 1 | 160 | / | 60 |
| Lumber Mill | 1 | 120 | / | 0 |
| Blacksmith | 1 | 140 | / | 60 |
| Arcane Sanctum | 1 | 150 | / | 140 |
| Keep | 1 | 320 | / | 210 |
| Castle | 1 | 360 | / | 210 |
| total: | 17 | 1410g | / | 550w |
| 1:18 | Peasant |
| 1:18 | Peasant |
| 1:19 | Peasant |
| 1:19 | Peasant |
| 1:19 | Peasant |
| 1:20 | Peasant |
| 1:20 | Peasant |
| 2:00 | Farm |
| 2:06 | Farm |
| 2:16 | Altar of Kings |
| 2:34 | Barracks |
| 2:46 | Lumber Mill |
| 4:18 | Storm Bolt |
| 4:37 | Peasant |
| 4:37 | Peasant |
| 5:42 | Blacksmith |
| 5:50 | Peasant |
| 5:50 | Peasant |
| 5:50 | Peasant |
| 5:51 | Peasant |
| 5:59 | Scout Tower |
| 6:14 | Footman |
| 6:14 | Footman |
| 6:14 | Footman |
| 6:15 | Footman |
| 6:28 | Guard Tower |
| 6:38 | Scout Tower |
| 7:06 | Scout Tower |
| 7:13 | Farm |
| 7:18 | Guard Tower |
| 7:25 | Farm |
| 7:39 | Guard Tower |
| 7:58 | Farm |
| 8:04 | Keep |
| 8:13 | Rifleman |
| 8:21 | Farm |
| 8:51 | Improved Lumber Harvesting |
| 8:51 | Improved Masonry |
| 8:55 | Black Gunpowder |
| 8:56 | Iron Forged Swords |
| 9:19 | Scout Tower |
| 9:49 | Guard Tower |
| 9:52 | Scout Tower |
| 10:36 | Guard Tower |
| 10:50 | Castle |
| 11:15 | Arcane Sanctum |
| 11:26 | Rifleman |
| 11:33 | Scout Tower |
| 11:43 | Holy Light |
| Right click | 373 |
| Select | 115 |
| Build/train/purchase | 43 |
| Use ability | 9 |
| Misc. action | 6 |
25 units @ 2.8k
/ 0.4k
22 buildings @ 3.3k
/ 1.3k

| Healing Salve | 2 | 200 |
| Lesser Clarity Potion | 8 | 560 |
| Scroll of Speed | 3 | 150 |
| Orb of Lightning | 1 | 375 |
| Boots of Speed | 1 | 250 |
| Potion of Lesser Invulnerability | 1 | 150 |
| total: | 16 | 1685g |
| Peon | 14 | 1050 | / | 0 |
| Troll Batrider | 11 | 1760 | / | 440 |
| total: | 25 | 2810g | / | 440w |
| Watch Tower | 5 | 550 | / | 400 |
| Altar of Storms | 1 | 180 | / | 50 |
| Orc Burrow | 8 | 1280 | / | 320 |
| Voodoo Lounge | 2 | 260 | / | 60 |
| War Mill | 1 | 205 | / | 0 |
| Barracks | 3 | 540 | / | 150 |
| Beastiary | 2 | 290 | / | 280 |
| Stronghold | 2 | 630 | / | 380 |
| Fortress | 1 | 325 | / | 190 |
| total: | 22 | 3305g | / | 1260w |
| 0:08 | Peon |
| 0:08 | Peon |
| 0:11 | Altar of Storms |
| 0:12 | Orc Burrow |
| 0:41 | Peon |
| 0:43 | Peon |
| 0:54 | Voodoo Lounge |
| 1:03 | Peon |
| 1:18 | Peon |
| 1:35 | War Mill |
| 1:41 | Peon |
| 2:13 | Stronghold |
| 2:26 | Wind Walk |
| 3:08 | Watch Tower |
| 3:10 | Watch Tower |
| 4:17 | Watch Tower |
| 4:20 | Orc Burrow |
| 4:23 | Orc Burrow |
| 4:26 | Watch Tower |
| 4:37 | Beastiary |
| 4:39 | Peon |
| 4:39 | Peon |
| 4:39 | Peon |
| 5:29 | Peon |
| 5:33 | Orc Burrow |
| 5:47 | Beastiary |
| 6:00 | Troll Batrider |
| 6:05 | Peon |
| 6:05 | Peon |
| 6:11 | Voodoo Lounge |
| 6:19 | Peon |
| 6:29 | Troll Batrider |
| 6:38 | Orc Burrow |
| 6:46 | Troll Batrider |
| 6:55 | Troll Batrider |
| 7:00 | Watch Tower |
| 7:07 | Troll Batrider |
| 7:22 | Steel Ranged Weapons |
| 7:32 | Troll Batrider |
| 7:36 | Healing Salve |
| 7:36 | Lesser Clarity Potion |
| 7:37 | Scroll of Speed |
| 7:42 | Lesser Clarity Potion |
| 7:42 | Lesser Clarity Potion |
| 8:48 | Fortress |
| 8:49 | Troll Batrider |
| 9:20 | Troll Batrider |
| 10:04 | Troll Batrider |
| 10:35 | Thorium Ranged Weapons |
| 10:53 | Barracks |
| 10:59 | Barracks |
| 11:02 | Lesser Clarity Potion |
| 11:03 | Lesser Clarity Potion |
| 11:03 | Lesser Clarity Potion |
| 11:03 | Scroll of Speed |
| 11:09 | Liquid Fire |
| 11:16 | Barracks |
| 12:11 | Troll Batrider |
| 12:43 | Critical Strike |
| 13:52 | Troll Batrider |
| 13:55 | Orc Burrow |
| 13:57 | Orc Burrow |
| 14:01 | Orc Burrow |
| 14:05 | Healing Salve |
| 14:05 | Lesser Clarity Potion |
| 14:06 | Scroll of Speed |
| 14:06 | Orb of Lightning |
| 14:09 | Lesser Clarity Potion |
| 14:35 | Arcanite Ranged Weapons |
| 15:07 | Wind Walk |
| 15:34 | Reinforced Defenses |
| 15:35 | Steel Armor |
| 15:59 | Troll Regeneration |
| 16:02 | Burning Oil |
| 16:24 | Boots of Speed |
| 16:34 | Potion of Lesser Invulnerability |
| 17:31 | Critical Strike |
| 17:58 | Spiked Barricades |
| Right click | 912 |
| Select | 225 |
| Build/train/purchase | 96 |
| Select group | 42 |
| Assign group | 9 |
| Chat | 8 |
| Use ability | 6 |
| Misc. action | 2 |
| Esc | 2 |
| Item give/drop | 1 |
| Remove unit | 1 |
โ